 Dungeon Crawl Stone Soup version 0.31-a0-408-gb642c7f9a3 (webtiles) character file.

Game seed: 16463336658711988890

101 Lorrdernie the Shield-Bearer (level 4, -4/28 HPs)
             Began as a Gargoyle Fighter on July 30, 2023.
             Slain by an orc
             ... wielding a +0 flail of protection
              (6 damage)
             ... on level 3 of the Dungeon.
             The game lasted 00:03:29 (1864 turns).

Lorrdernie the Shield-Bearer (Gargoyle Fighter)     Turns: 1864, Time: 00:03:30

Health: -4/28      AC: 10    Str: 26    XL:     4   Next: 75%
Magic:  4/4        EV:  9    Int: 10    God:
Gold:   77         SH:  4    Dex:  9    Spells: 3/3 levels left

rFire   . . .        a - +0 flail
rCold   . . .        c - +0 buckler
rNeg    + . .        b - +0 scale mail
rPois   ∞            (no helmet)
rElec   +            (no cloak)
rCorr   .            (no gloves)
SInv    .            (no boots)
Will    .....        i - amulet of the acrobat Stlth
                     q - +6 ring of strength
HPRegen 0.24/turn    (no ring)
MPRegen 0.09/turn

%: acrobat
@: mighty
A: sickness immunity, AC +3, negative energy resistance 1, electricity
resistance, torment resistance 1, petrification resistance
a: no special abilities


You were on level 3 of the Dungeon.
You visited 1 branch of the dungeon, and saw 3 of its levels.

You collected 77 gold pieces.

Inventory:

Hand Weapons
 a - a +0 flail (weapon)
Armour
 b - a +0 scale mail (worn)
 c - a +0 buckler (worn)
Jewellery
 i - an amulet of the acrobat (around neck)
 q - a +6 ring of strength (left hand)
 r - an amulet of magic regeneration
Scrolls
 e - a scroll of enchant weapon {unknown}
 f - a scroll of fear {unknown}
 j - 3 scrolls of enchant armour {unknown}
 k - 2 scrolls of poison {unknown}
 l - a scroll of teleportation {unknown}
 n - a scroll of vulnerability {unknown}
Potions
 g - 3 potions of brilliance {unknown}
 h - a potion of curing {unknown}
 m - a potion of degeneration {unknown}
 o - a potion of cancellation {unknown}
 p - a potion of magic {unknown}


   Skills:
 - Level 3.2 Fighting
 + Level 4.1 Maces & Flails
 - Level 3.2 Armour
 + Level 4.2 Shields


You had 3 spell levels left.
You didn't know any spells.
Your spell library contained the following spells:

 Spells                   Type           Power      Damage    Failure   Level
 Foxfire                  Conj/Fire      0%         2x1d4     71%         1
 Summon Guardian Golem    Hex/Summ       0%         N/A       97%         3
 Plasma Beam              Fire/Air       0%         2x1d10    100%        6
 Starburst                Conj/Fire      0%         6d3       100%        6
 Orb of Destruction       Conj           0%         9d5       100%        7
 Spellforged Servitor     Conj/Summ      0%         N/A       100%        7


Dungeon Overview and Level Annotations

Branches:
Dungeon (3/15)

Altars:
Uskayaw


Innate Abilities, Weirdness & Mutations

You are immune to sickness and miasma.
Your stone body is resilient. (AC +3)
You are immune to poison.
You resist negative energy. (rN+)
You are resistant to electric shocks. (rElec)
You are resistant to unholy torment.
You are immune to petrification.


Message History

You hit the hobgoblin.
You kill the hobgoblin!
The hobgoblin barely misses you.
You hit the hobgoblin but do no damage.
The hobgoblin is almost dead.
The hobgoblin misses you.
You sock the hobgoblin!
You kill the hobgoblin!
No target in view!
No target in view!
r - an amulet of magic regeneration
Things that are here:
a hobgoblin corpse; a bat corpse
Okay, then.
A sourceless malevolence fills the Dungeon... and a teleportation trap spontaneously manifests!
You are yanked towards some nearby monsters!
Your surroundings suddenly seem different.
An orc priest and 3 orcs come into view.
The orc priest is wielding a +2 flail of protection.
An orc is wielding a +0 flail of protection.
Found a ring mail.
The orc priest shouts!
The orc shouts! x2
You feel very mighty all of a sudden.
The orc priest mumbles some strange prayers to Beogh against you.
Beogh smites you! The orc hits you but does no damage.
You barely miss the orc. The orc barely misses you.
You hit the orc.
The orc is moderately wounded.
You block the orc's attack. The orc hits you with a +0 club.
You block the orc's attack.
You hit the orc but do no damage.
The orc is moderately wounded.
The orc hits you but does no damage.
The orc priest mumbles some strange prayers to Beogh against you.
Beogh smites you!
* * * LOW HITPOINT WARNING * * *
The orc hits you with a +0 club.
* * * LOW HITPOINT WARNING * * *
The orc hits you but does no damage.
The orc hits you with a +0 flail of protection.
You die...

#########
#.......#
#.......#
#...o@o.#
#...oo..#
#.......#
#.......#
......####
.####[.
#.# ..


You could see an orc priest and 3 orcs.

Vanquished Creatures
  A howler monkey (D:2)
  2 worms (D:2)
  A dart slug (D:2)
  4 ball pythons
  2 endoplasms (D:1)
  2 goblins
  10 hobgoblins
  7 jackals
  2 kobolds
  3 quokkas
  7 bats
  3 frilled lizards
  8 rats
52 creatures vanquished.

Notes
Turn   | Place    | Note
-------+----------+-------------------------------------------
     0 | D:1      | Lorrdernie the Gargoyle Fighter began the quest for the
                  | Orb.
     0 | D:1      | Reached XP level 1. HP: 14/14 MP: 1/1
   235 | D:1      | Reached XP level 2. HP: 15/19 MP: 2/2
   449 | D:1      | You fall into a shaft and drop 1 floor!
   457 | D:2      | Found a hide-covered altar of Uskayaw.
   520 | D:2      | Noticed a howler monkey
   867 | D:1      | Reached XP level 3. HP: 23/23 MP: 3/3
  1128 | D:2      | Identified the +1 falchion "Iczunta" {flame, Dex+4 SInv}
  1168 | D:2      | Reached XP level 4. HP: 14/28 MP: 4/4
  1864 | D:3      | Slain by an orc

Illustrated notes

Levels and vault maps discovered:
D:1:      amcnicky_arrival_underground_garden, layout_loops_corners
D:2:      layout_basic, basic_altar, serial_forest,
          infiniplex_forest_straight_2, infiniplex_forest_lined_room_2,
          infiniplex_forest_lined_corner, infiniplex_forest_straight_3,
          infiniplex_forest_corner_1, infiniplex_forest_clump_double,
          infiniplex_forest_clump_small, infiniplex_forest_clump_curved,
          infiniplex_forest_clump_curved, minmay_distorted
D:3:      layout_loops_cross, gammafunk_ghost_stat_death,
          ebering_dispersal_statue_hall, uniq_sigmund

Skill      XL: |  1  2  3 |
---------------+----------+-----
Maces & Flails | 3 4 |  4.1
Shields        | 4 |  4.2
Fighting       | |  3.2
Armour         | |  3.2

Action                     |  1- 3 |  4- 6 || total
---------------------------+-------+-------++-------
  Melee: Flail             |   122 |    35 ||   157
    Use: Potion            |       |     1 ||     1
 Armour: Scale mail        |    59 |    10 ||    69
  Dodge: Dodged            |    59 |    14 ||    73
  Block: Buckler           |    28 |    13 ||    41

Table legend: (Time is in decaauts)
 A = Elapsed time spent in this place.
 B = Non-inter-level travel time spent in this place.
 C = Inter-level travel time spent in this place.
 D = Time resting spent in this place.
 E = Time spent auto-exploring this place.
 F = Levels seen in this place.
 G = Mean time per level.
                   A        B        C        D        E       F      G
               +--------+--------+--------+--------+--------+-----+--------+
         Total |   1902 |   1834 |     68 |     65 |   1398 |   3 |  634.0 |
       Dungeon |   1902 |   1834 |     68 |     65 |   1398 |   3 |  634.0 |
               +--------+--------+--------+--------+--------+-----+--------+

Top non-repeatable levels by time:
     D:1: 983 daAuts
     D:2: 698 daAuts
     D:3: 220 daAuts
